 Dungeon Crawl Stone Soup version 0.19-a0-1899-g2d93087 (webtiles) character file.

1383 Alarkh the Grave Robber (level 8, -1/57 HPs)
             Began as a Mummy Necromancer on Oct 19, 2016.
             Killed by divine providence
             ... invoked by an orc priest
              (15 damage)
             ... on level 6 of the Dungeon.
             The game lasted 00:10:09 (5622 turns).

Alarkh the Grave Robber (Mummy Necromancer)         Turns: 5622, Time: 00:10:11

Health: -1/57      AC:  6    Str: 12    XL:     8   Next: 40%
Magic:  0/17       EV: 13    Int: 16    God:
Gold:   133        SH:  0    Dex: 12    Spells: 2 memorised, 15 levels left

rFire  x . .     SeeInvis +     a - +0 long sword
rCold  + . .     Gourm    .     i - +0 robe
rNeg   + + +     Faith    .     (no shield)
rPois  ∞         Spirit   +     o - +1 helmet
rElec  .         Reflect  .     w - +0 cloak
rCorr  .         Harm     .     q - +0 pair of gloves
MR     +....                    (no boots)
Stlth  ++........               s - amulet of guardian spirit
                                (no ring)
                                u - ring of see invisible

@: about to teleport
A: no food or potions, fire vulnerability, cold resistance 1, negative energy
resistance 3, torment resistance, unbreathing
a: no special abilities


You were on level 6 of the Dungeon.
You were not hungry.

You visited 2 branches of the dungeon, and saw 7 of its levels.

You collected 283 gold pieces.
You spent 150 gold pieces at shops.

Inventory:

Hand Weapons
 a - a +0 long sword (weapon)
 c - a +0 short sword
Armour
 i - a +0 robe (worn)
 o - a +1 helmet (worn)
 q - a +0 pair of gloves (worn)
 w - a +0 cloak (worn)
Jewellery
 s - an amulet of guardian spirit (around neck)
 u - a ring of see invisible (left hand)
Wands
 k - a wand of slowing (32/48)
 p - a wand of polymorph (10/24)
 r - a wand of digging (9/24)
Scrolls
 d - a scroll of magic mapping
 e - a scroll of identify
 f - a scroll of fear
 g - 4 scrolls of remove curse
 h - 2 scrolls of enchant armour
 j - a scroll of teleportation
 l - a scroll of fog {unknown}
 m - 3 scrolls of noise {unknown}
 n - a scroll of blinking {unknown}
 t - a scroll of torment {unknown}
 v - a scroll of amnesia {unknown}
Books
 b - a book of Necromancy

   Spells                             Type                      Level
   a - Pain                           Necromancy                   1
   b - Animate Skeleton               Necromancy                   1
   c - Vampiric Draining              Necromancy                   3
   d - Regeneration                   Charms/Necromancy            3
   e - Animate Dead                   Necromancy                   4
   f - Control Undead                 Necromancy                   4


   Skills:
 + Level 2.5 Fighting
 + Level 2.0 Armour
 + Level 2.6 Dodging
 - Level 1.5 Stealth
 - Level 6.0 Spellcasting
 - Level 7.8 Necromancy


You had 15 spell levels left.
You knew the following spells:

 Your Spells              Type           Power        Failure   Level  Hunger
a - Pain                  Necr           ####         1%          1    N/A
b - Vampiric Draining     Necr           ####......   1%          3    N/A

Dungeon Overview and Level Annotations

Branches:
Dungeon (6/15)             Temple (1/1) D:4

Altars:
Ashenzari
Cheibriados
Elyvilon
Fedhas
Gozag
Kikubaaqudgha
Nemelex Xobeh
Okawaru
Ru
Sif Muna
Trog
Uskayaw
Vehumet
Xom
Yredelemnul
Zin
The Shining One

Shops:
D:4 *   D:5 [


Innate Abilities, Weirdness & Mutations

You do not eat or drink.
Your flesh is vulnerable to fire.
You are immune to poison.
Your flesh is cold resistant. (rC+)
You are immune to negative energy. (rN+++)
You are immune to unholy pain and torment.
You can survive without breathing.


Message History

The orc is moderately wounded.
The orc misses you.
You riposte.
You hit the orc.
The orc is severely wounded.
The orc barely misses you.
You hit the orc but do no damage.
The orc is moderately wounded.
The orc closely misses you.
The orc priest calls down the wrath of Beogh upon you.
Beogh smites you! The orc closely misses you. The orc hits you.
You hear a shout!
The orc priest mumbles some strange prayers to Beogh against you.
Beogh smites you!
* * * LOW HITPOINT WARNING * * *
As you read the scroll of teleportation, it crumbles to dust.
You feel strangely unstable. The orc hits you but does no damage. x2
The orc priest calls upon Beogh to heal the orc.
The orc's wounds heal themselves!
The orc priest calls down the wrath of Beogh upon you.
Beogh smites you!
You die...

#.## #..#### ##.#..##
#.....## #......## ####
##.......#
#...########........#
#......oo..#........#
...#...#oo@#.......#
##.###..#.......#
#.o.#...#.......#
......o._.o..##......##
....oo#...#..###.....#
...).###.###.# #....##
..... #... ..# ###.##
.... ........# ### ...
..?.....#


You could see 2 orc priests and 3 orcs.

Vanquished Creatures
  Sigmund (D:3)
  2 sky beasts
  A phantom (D:5)
  An ogre (D:5)
  2 centaurs
  A howler monkey (D:5)
  A centaur zombie (D:5)
  A jelly (D:5)
  A hound (D:4)
  Crazy Yiuf (D:2)
  An orc priest (D:4)
  Jessica (D:2)
  4 orc wizards
  5 worker ants
  Robin (D:3)
  A worker ant zombie (D:5)
  2 gnolls (D:2)
  4 adders
  2 shadow imps
  2 oozes
  5 worms
  2 dart slugs
  3 leopard geckos
  15 orcs
  6 giant cockroaches
  17 goblins
  11 hobgoblins
  10 jackals
  9 kobolds
  7 quokkas
  A ball python (D:3)
  10 bats
  11 frilled lizards
  A leopard gecko skeleton (D:4)
  12 rats
  A fungus (D:2)
156 creatures vanquished.

Notes
Turn   | Place    | Note
-------+----------+-------------------------------------------
     0 | D:1      | Alarkh the Mummy Necromancer began the quest for the Orb.
     0 | D:1      | Reached XP level 1. HP: 13/13 MP: 3/3
   162 | D:1      | Reached XP level 2. HP: 13/19 MP: 0/5
   688 | D:1      | Reached XP level 3. HP: 9/24 MP: 0/6
   693 | D:1      | Learned a level 3 spell: Vampiric Draining
  1442 | D:2      | Found a snail-covered altar of Cheibriados.
  1465 | D:2      | Reached skill level 5 in Necromancy
  1481 | D:2      | Noticed Jessica
  1487 | D:2      | Killed Jessica
  1487 | D:2      | Reached XP level 4. HP: 30/30 MP: 2/8
  1915 | D:2      | Reached XP level 5. HP: 33/35 MP: 6/10
  2228 | D:3      | Noticed Sigmund
  2273 | D:3      | Killed Sigmund
  2273 | D:3      | Reached skill level 6 in Necromancy
  2273 | D:3      | Reached XP level 6. HP: 20/41 MP: 1/12
  2549 | D:3      | Noticed Robin
  2579 | D:3      | Killed Robin
  3485 | D:5      | Entered Level 5 of the Dungeon
  3514 | D:4      | Found a sparkling altar of Nemelex Xobeh.
  3604 | D:4      | Found a staircase to the Ecumenical Temple.
  3622 | Temple   | Entered the Ecumenical Temple
  4038 | D:4      | Reached XP level 7. HP: 38/46 MP: 7/14
  4076 | D:4      | Reached skill level 5 in Spellcasting
  4160 | D:4      | Found a deep blue altar of Sif Muna.
  4257 | D:4      | Reached skill level 7 in Necromancy
  4340 | D:4      | Found Diqutzen's Assorted Antiques.
  4348 | D:4      | Bought a dented bone amulet for 125 gold pieces
  4348 | D:4      | Bought a scroll labeled MOEKHI MOGHI for 25 gold pieces
  4392 | D:5      | Found Luaguykue's Antique Armour Emporium.
  4977 | D:5      | Reached XP level 8. HP: 50/53 MP: 5/17
  5006 | D:5      | Reached skill level 1 in Fighting
  5065 | D:5      | Reached skill level 1 in Armour
  5069 | D:5      | Found an iron altar of Okawaru.
  5389 | D:2      | Found a runed door.
  5393 | D:2      | Noticed Crazy Yiuf
  5397 | D:2      | Killed Crazy Yiuf
  5604 | D:6      | Found a radiant altar of Vehumet.
  5622 | D:6      | Killed from afar by an orc priest

Vault maps used:
D:1:      sevenhm_arrival_forest_fort_small_3, minmay_misc_feat_ornament
D:2:      wad_woods_tower, kennysheep_slug_shrine, uniq_jessica,
          uniq_crazy_yiuf_cottage
D:3:      first_bread, uniq_sigmund, uniq_robin
D:4:      led_sif_pool, nemelex_xobeh_ov_fountains_minmay, serial_shops, shop
D:5:      okawaru_metal_pillars_1_2, serial_shops, shop,
          kennysheep_opposing_triangles
D:6:      vehumet_crystals, kennysheep_little_box,
          lemuel_coloured_pillars_altar, kennysheep_mini_moat,
          grunt_ministairs_8
Temple:   minmay_temple_bridge_abc

Skill      XL: |  1  2  3  4  5  6  7  8 |
---------------+-------------------------+-----
Spellcasting   | 3 4 6 |  6.0
Necromancy     | 5 6 7 |  7.8
Fighting       | 2 |  2.5
Armour         | 2 |  2.0
Dodging        | 2 |  2.6
Stealth        | |  1.5

Action                   |  1- 3 |  4- 6 |  7- 9 || total
-------------------------+-------+-------+-------++-------
Melee: Short sword       |    28 |       |       ||    28
       Long sword        |    12 |    29 |    88 ||   129
 Cast: Pain              |    70 |   136 |    85 ||   291
       Vampiric Draining |       |     2 |     3 ||     5
  Use: Scroll            |     1 |     3 |     2 ||     6
 Stab: Sleeping          |     1 |     1 |       ||     2
Armor: Robe              |     6 |    11 |    30 ||    47
Dodge: Dodged            |    47 |    40 |    75 ||   162
       Rpst.: Long sword |     4 |    11 |    17 ||    32
